 Dungeon Crawl Stone Soup version 0.28-a0-969-g2dcde036d2 (webtiles) character file.

Game seed: 7798987450982128843

459 HessuHobo the Skirmisher (level 7, -4/55 HPs)
             Began as a Human Fighter on Dec 1, 2021.
             Was an Initiate of the Shining One.
             Shot with an arrow by a centaur (8 damage)
             ... on level 5 of the Dungeon.
             The game lasted 00:08:16 (5171 turns).

HessuHobo the Skirmisher (Human Fighter)            Turns: 5171, Time: 00:08:16

Health: -4/55      AC:  7    Str: 19    XL:     7   Next: 28%
Magic:  7/7        EV:  9    Int:  8    God:    the Shining One [......]
Gold:   145        SH:  5    Dex: 12    Spells: 6/6 levels left

rFire   . . .      SeeInvis .   r - +1 dagger (speed)
rCold   . . .      Faith    .   c - +0 buckler
rNeg    . . .      Spirit   .   b - +0 scale mail
rPois   .          Reflect  .   (no helmet)
rElec   .          Harm     .   (no cloak)
rCorr   .          Rampage  .   (no gloves)
Will    .....                   (no boots)
Stlth   ..........              (no amulet)
HPRegen 0.18/turn               (no ring)
MPRegen 0.10/turn               (no ring)

@: glowing
A: no striking features
a: Renounce Religion


You were on level 5 of the Dungeon.
You worshipped the Shining One.
The Shining One was noncommittal.
You visited 2 branches of the dungeon, and saw 6 of its levels.

You collected 165 gold pieces.
You spent 20 gold pieces at shops.

Inventory:

Hand Weapons
 a - a +0 rapier
 p - a +0 dagger of speed
 q - a +2 dagger of draining
 r - a +1 dagger of speed (weapon)
Missiles
 u - 2 throwing nets (quivered)
Armour
 b - a +0 scale mail (worn)
 c - a +0 buckler (worn)
Scrolls
 g - a scroll of teleportation
 i - 2 scrolls of vulnerability {unknown}
 k - a scroll of immolation {unknown}
 l - a scroll of brand weapon {unknown}
 m - a scroll of magic mapping {unknown}
 n - 2 scrolls of noise {unknown}
 t - a scroll of fear {unknown}
Potions
 e - a potion of resistance {unknown}
 h - 3 potions of lignification
 j - a potion of berserk rage {unknown}
 o - a potion of heal wounds {unknown}
 s - a potion of curing {unknown}


   Skills:
 + Level 4.3 Fighting
 + Level 3.6 Short Blades
 + Level 2.7 Throwing
 + Level 4.2 Armour
 + Level 4.3 Shields
 + Level 0.9 Evocations


You had 6 spell levels left.
You didn't know any spells.
Your spell library was empty.

Dungeon Overview and Level Annotations

Branches:
Dungeon (5/15)             Temple (1/1) D:5

Altars:
Ashenzari
Elyvilon
Fedhas
Gozag
Hepliaklqana
Kikubaaqudgha
Makhleb
Nemelex Xobeh
Okawaru
Qazlal
Sif Muna
Trog
Vehumet
Wu Jian
Zin
The Shining One

Shops:
D:2 ?

Annotations:
D:4 Blork the orc


Message History

* * * LOW HITPOINT WARNING * * *
You block the ufetubus's attack. The ufetubus closely misses you.
The ufetubus hits you but does no damage.
The ufetubus hits you.
* * * LOW HITPOINT WARNING * * *
The centaur shoots an arrow.
You block the arrow.
A gnoll comes into view. It is wielding a +0 halberd.
The gnoll shouts!
A gnoll comes into view. It is wielding a +0 spear.
Found an escape hatch in the floor.
The gnoll shouts!
The gnoll shaman calls upon its god to speed up the gnoll.
The gnoll seems to speed up.
A gnoll comes into view. It is wielding a +0 club.
The ufetubus closely misses you. You block the ufetubus's attack.
The ufetubus closely misses you. The ufetubus barely misses you.
The gnoll hits you but does no damage. You block the ufetubus's attack.
The ufetubus barely misses you.
An orc comes into view. It is wielding a +0 short sword.
The orc shouts!
You hear a shout! x2
The gnoll closely misses you. x2; You block the ufetubus's attack.
The ufetubus hits you but does no damage.
An orc comes into view. It is wielding a +0 hand axe.
The orc shouts!
You hear a shout!
An orc comes into view. It is wielding a +0 club.
Found 13 gold pieces.
The gnoll hits you from afar with a +0 halberd.
* * * LOW HITPOINT WARNING * * *
You block the ufetubus's attack.
The ufetubus hits you but does no damage.
An ogre comes into view. It is wielding a +0 giant spiked club.
The ogre shouts!
The gnoll hits you from afar with a +0 halberd.
* * * LOW HITPOINT WARNING * * *
An orc comes into view. It is wielding a +0 mace.
The gnoll hits you but does no damage.
The ogre moves out of view.
The orc shouts!
You hear an angry growl.
You block the ufetubus's attack. The ufetubus closely misses you.
The centaur shoots an arrow.
The arrow hits you!
You die... . . ....#. # . . ........#. .. . ........... oO.

. .....o....## .... .
.# .......... ....# #
...#........###..$..#
#. ##..oo#.#@.......
#..#......o5.##.....
#...........g##...##
#..#...g##.g....
##..#..#.#c.......
#......#...g.......
#..##.##g..........
.... #...............
... ##....#..###.>..


You could see an ogre, a centaur, 4 gnolls, 2 orcs and an ufetubus.

Vanquished Creatures
  Grinder (D:3)
  A bullfrog (D:3)
  A hound (D:5)
  A bullfrog zombie (D:3)
  Natasha (twice) (D:4)
  4 adders
  4 dart slugs
  An orc (D:3)
  5 bats
  5 endoplasms
  2 giant cockroaches
  9 hobgoblins
  4 quokkas
  5 ball pythons
  3 frilled lizards (D:1)
  3 goblins (D:2)
  8 kobolds
  3 rats
62 creatures vanquished.

Vanquished Creatures (others)
  A plant (D:5)
  10 withered plants (D:3)
11 creatures vanquished.

Grand Total: 73 creatures vanquished

Notes
Turn   | Place    | Note
-------+----------+-------------------------------------------
     0 | D:1      | HessuHobo the Human Fighter began the quest for the Orb.
     0 | D:1      | Reached XP level 1. HP: 18/18 MP: 1/1
   350 | D:1      | Reached XP level 2. HP: 24/24 MP: 2/2
   683 | D:1      | Reached XP level 3. HP: 29/29 MP: 3/3
  1492 | D:2      | Found Takenah's Magic Scroll Emporium.
  1503 | D:2      | Bought a scroll of identify for 20 gold pieces
  1702 | D:2      | Reached skill level 1 in Throwing
  2172 | D:2      | Reached XP level 4. HP: 35/35 MP: 4/4
  3043 | D:3      | Found a faded altar of an unknown god.
  3064 | D:3      | Reached XP level 5. HP: 36/41 MP: 5/5
  3472 | D:3      | Found a broken altar of Ashenzari.
  3473 | D:3      | Noticed Grinder
  3547 | D:3      | Killed Grinder
  3548 | D:3      | Reached XP level 6. HP: 21/48 MP: 6/6
  3731 | D:3      | Found a radiant altar of Vehumet.
  4103 | D:3      | Found an ancient bone altar of Kikubaaqudgha.
  4128 | D:3      | Reached XP level 7. HP: 45/54 MP: 7/7
  4528 | D:4      | Noticed Natasha
  4546 | D:4      | Killed Natasha
  4769 | D:4      | Noticed Natasha
  4793 | D:4      | Killed Natasha
  4915 | D:4      | Noticed Blork the orc
  4924 | D:5      | Entered Level 5 of the Dungeon
  4929 | D:5      | Found a staircase to the Ecumenical Temple.
  4994 | Temple   | Entered the Ecumenical Temple
  5045 | Temple   | Became a worshipper of the Shining One
  5147 | D:5      | Noticed a wyvern
  5147 | D:5      | a scorpion changed into a wyvern
  5171 | D:5      | Shot with an arrow by a centaur

Illustrated notes

Levels and vault maps discovered:
D:1:      roderic_dead_forest, layout_basic
D:2:      minmay_door_path, layout_basic, serial_shops,
          nicolae_shop_statue_plus, nrook_loot_triangle, minivault_25,
          st_stairs_2, minmay_tromino_v4_c
D:3:      layout_basic, mainiacjoe_overflow_boulevard, fiery_altar_vehumet,
          kiku_gazebo_garden_becter, chequers_ecumenical_altar_simple_redux,
          uniq_grinder
D:4:      layout_cave_pools, nicolae_uskayaw_en_pointe, serial_rivers,
          chequers_serial_rivers_micro_d, chequers_serial_rivers_small_a,
          chequers_serial_rivers_room_a, chequers_serial_rivers_large_b,
          chequers_serial_rivers_marsh, columned_hall_lemuel, uniq_eustachio,
          uniq_natasha, uniq_blork_the_orc
D:5:      layout_cave_pools, minmay_temple_entry_gardened_gates, uniq_pikel
Temple:   cyrus_circular_temple

Skill      XL: |  1  2  3  4  5 |
---------------+----------------+-----
Throwing       | 1 2 |  2.7
Fighting       | 4 |  4.3
Short Blades   | 3 |  3.6
Armour         | 4 |  4.2
Shields        | 4 |  4.3
Evocations     | |  0.9

Action                   |  1- 3 |  4- 6 |  7- 9 || total
-------------------------+-------+-------+-------++-------
Melee: Rapier            |   101 |       |       ||   101
       Dagger            |       |   166 |    82 ||   248
Throw: Boomerang         |     3 |     1 |     2 ||     6
Evoke: Wand              |       |       |     8 ||     8
  Use: Scroll            |     1 |       |     1 ||     2
       Potion            |       |     1 |       ||     1
Armor: Scale mail        |    30 |    35 |    19 ||    84
Dodge: Dodged            |    45 |    37 |    27 ||   109
Block: Buckler           |    28 |    22 |    22 ||    72

Table legend: (Time is in decaauts)
 A = Elapsed time spent in this place.
 B = Non-inter-level travel time spent in this place.
 C = Inter-level travel time spent in this place.
 D = Time resting spent in this place.
 E = Time spent auto-exploring this place.
 F = Levels seen in this place.
 G = Mean time per level.
                   A        B        C        D        E       F      G
               +--------+--------+--------+--------+--------+-----+--------+
         Total |   5075 |   4935 |    140 |   2206 |   1975 |   6 |  845.8 |
       Dungeon |   5014 |   4874 |    140 |   2206 |   1941 |   5 | 1002.8 |
        Temple |     60 |     60 |      0 |      0 |     34 |   1 |   60.0 |
               +--------+--------+--------+--------+--------+-----+--------+

Top non-repeatable levels by time:
     D:2: 1533 daAuts
     D:1: 1482 daAuts
     D:3: 1442 daAuts
     D:4: 380 daAuts
     D:5: 174 daAuts
  Temple: 60 daAuts
